[Event "Titled Tuesday Blitz November 22 Late 2022"]
[White "Kleiman, Jake"]
[Black "Fiol, Fabrice"]
[WhiteFideId "2020041"]
[BlackFideId "611670"]
[WhiteElo "2597"]
[BlackElo "2442"]
[Result "1-0"]
[Round "10"]
[TimeControl "180+1"]
[Date "2022.11.23"]
[WhiteClock "0:00:44"]
[BlackClock "0:00:14"]

1. Nf3 d5 2. g3 c6 3. Bg2 Nf6 4. O-O Bf5 5. d3 h6 6. Nbd2 Bh7 7. Qe1 e6 8. e4 Be7 9. Qe2 a5 10. a4 Na6 11. Ne5 Nd7 12. Ndf3 Nxe5 13. Nxe5 O-O 14. Bd2 Bf6 15. f4 dxe4 16. Bxe4 Qd4+ 17. Be3 Qxb2 18. Bxh7+ Kxh7 19. Rab1 Qa3 20. Nd7 Rfd8 21. Nxf6+ gxf6 22. Rxb7 Qf8 23. Qh5 Kg8 24. f5 Rab8 25. Bxh6 Qc5+ 26. Kh1 Qd5+ 27. Rf3 exf5 28. Rxb8 Rxb8 29. c4 Rb1+ 30. Kg2 Qd4 31. Qxf5 Nc5 32. Rf4 Rb2+ 33. Kh3 Qg1 34. Qg4+ 1-0


[Site "https://www.chess.com"]

[Event "Titled Tuesday Blitz November 22 Late 2022"]
[White "Klenburg, Michael"]
[Black "Guzman, Christopher"]
[WhiteFideId "14102072"]
[BlackFideId "6405096"]
[WhiteElo "2405"]
[BlackElo "2272"]
[Result "1-0"]
[Round "10"]
[TimeControl "180+1"]
[Date "2022.11.23"]
[WhiteClock "0:00:15"]
[BlackClock "0:00:38"]

1. e4 c6 2. d3 d5 3. Nd2 g6 4. Ngf3 Bg7 5. g3 Bg4 6. h3 Bxf3 7. Qxf3 Nf6 8. Qe2 O-O 9. Bg2 dxe4 10. dxe4 e5 11. O-O Nbd7 12. b3 Qc7 13. Bb2 Rfd8 14. Rad1 b5 15. Nf3 h6 16. Rd2 Qa5 17. a3 Re8 18. Rfd1 Qc7 19. Qe3 Bf8 20. Nh2 Rad8 21. Ng4 Nxg4 22. hxg4 Bg7 23. g5 hxg5 24. Qxg5 Bf6 25. Qe3 Kg7 26. Bh3 Nb6 27. Qc5 Rxd2 28. Rxd2 Kg8 29. Bg4 Bg7 30. Rd6 Qe7 31. Rxc6 Qg5 32. Bf3 Qd2 33. Qc3 Qd7 34. Rc7 Qe6 35. Rxa7 Rc8 36. Rc7 Ra8 37. Qc6 Qxc6 38. Rxc6 Nd7 39. Kg2 Bf8 40. Rc7 Nb6 41. Bxe5 Bxa3 42. Bd4 Nc8 43. e5 Rb8 44. Bd5 Ne7 45. Be4 Kf8 46. f4 Ke8 47. Kf3 Kd8 48. Ra7 Bb4 49. g4 Rc8 50. f5 gxf5 51. gxf5 Nc6 52. Bxc6 Rxc6 53. Rxf7 Rxc2 54. Ke4 Ke8 55. e6 Be7 56. Rh7 Re2+ 57. Kd5 Bf8 58. Rb7 Kd8 59. Rb8+ Ke7 60. Bc5+ 1-0


[Site "https://www.chess.com"]

[Event "Titled Tuesday Blitz November 22 Late 2022"]
[White "Kollars, Dmitrij"]
[Black "Rustemov, Alexander"]
[WhiteFideId "12909572"]
[BlackFideId "4119002"]
[WhiteElo "2584"]
[BlackElo "2888"]
[Result "1-0"]
[Round "10"]
[TimeControl "180+1"]
[Date "2022.11.22"]
[WhiteClock "0:00:48"]
[BlackClock "0:01:27"]

1. e4 e6 2. d4 d5 3. Nc3 dxe4 4. Nxe4 Bd7 5. Nf3 Bc6 6. Bd3 Nd7 7. O-O Ngf6 8. Ned2 Be7 9. Re1 O-O 10. Nc4 Bd5 11. Ne3 Bc6 12. Nc4 Bd5 13. Ne3 Bc6 14. b3 b6 15. Bb2 Bb7 16. c4 Re8 17. Qe2 c5 18. Rad1 Qc7 19. Bb1 Rad8 20. h3 h6 21. d5 exd5 22. cxd5 Bd6 23. Qc2 Ne5 24. Nh4 b5 25. Nhf5 Bf8 26. f4 Ned7 27. d6 Qc6 28. Ng4 Re6 29. Nxf6+ Nxf6 30. Bxf6 1-0


[Site "https://www.chess.com"]

[Event "Titled Tuesday Blitz November 22 Late 2022"]
[White "Manelyuk, Daniil"]
[Black "Pakleza, Zbigniew"]
[WhiteFideId "44173920"]
[BlackFideId "1119290"]
[WhiteElo "2209"]
[BlackElo "2411"]
[Result "0-1"]
[Round "10"]
[TimeControl "180+1"]
[Date "2022.11.22"]
[WhiteClock "0:00:02"]
[BlackClock "0:00:21"]

1. e4 d6 2. d4 Nf6 3. Nc3 c6 4. Nf3 Bg4 5. Be3 e6 6. Qd2 d5 7. e5 Nfd7 8. h3 Bxf3 9. gxf3 c5 10. f4 Nc6 11. Ne2 cxd4 12. Nxd4 Bc5 13. c3 g6 14. Bg2 Rc8 15. O-O O-O 16. Kh1 Bxd4 17. cxd4 Qb6 18. b3 Ne7 19. Bf3 Rc7 20. Be2 Rfc8 21. Bd3 Nb8 22. h4 h5 23. Rg1 Kf8 24. f5 Nxf5 25. Bh6+ Ke8 26. Bxf5 gxf5 27. Rg8+ Kd7 28. Rg7 Rf8 29. Rh7 Rg8 30. Rxf7+ Kc8 31. Rc1 Nc6 32. Rxc7+ Kxc7 33. Be3 Kb8 34. Qd1 Rg4 35. f3 Rxh4+ 36. Kg2 Qd8 37. Qg1 Nxd4 38. Bxd4 Rxd4 39. Qxd4 Qg5+ 40. Kh3 Qxc1 0-1


[Site "https://www.chess.com"]

[Event "Titled Tuesday Blitz November 22 Late 2022"]
[White "Marchesich, Giovanni"]
[Black "Novikova, Galina"]
[WhiteFideId "2824790"]
[BlackFideId "4157095"]
[WhiteElo "2200"]
[BlackElo "1973"]
[Result "0-1"]
[Round "10"]
[TimeControl "180+1"]
[Date "2022.11.23"]
[WhiteClock "0:01:53"]
[BlackClock "0:00:05"]

1. d4 e6 2. Nc3 d5 3. Bf4 Bd6 4. e3 Nf6 5. Qf3 b6 6. Bd3 Bb7 7. g4 Nbd7 8. g5 Ng8 9. Qg3 Bxf4 10. exf4 Ne7 11. Nf3 c5 12. O-O-O c4 13. Bf1 a6 14. Bh3 b5 15. f5 exf5 16. Rhe1 O-O 17. Ne2 b4 18. Nf4 Re8 19. g6 hxg6 20. Ng5 Nf6 21. Nxf7 Kxf7 22. Rxe7+ Qxe7 23. Qxg6+ Kf8 24. Bxf5 b3 25. a3 bxc2 26. Rg1 Qf7 27. Qg5 Ne4 28. Ng6+ Kg8 29. Qh4 Qxf5 30. Qh8+ Kf7 31. Ne5+ Ke6 32. Qxg7 Qf4+ 33. Kxc2 Re7 34. Rg6+ Nf6 35. Rxf6+ Qxf6 36. Qg4+ Kd6 37. Qg3 Ke6 38. Nf3 Qf5+ 39. Kc1 Rf7 40. Ng5+ Ke7 41. f4 Rf6 42. Qh4 Raf8 43. Qh7+ R8f7 44. Nxf7 Qxh7 45. Ne5 Qf5 0-1


[Site "https://www.chess.com"]

[Event "Titled Tuesday Blitz November 22 Late 2022"]
[White "Marcolino, Daniel Mattos"]
[Black "D`Arruda, Ricardo D."]
[WhiteFideId "2106841"]
[BlackFideId "100692"]
[WhiteElo "2113"]
[BlackElo "2488"]
[Result "1/2-1/2"]
[Round "10"]
[TimeControl "180+1"]
[Date "2022.11.23"]
[WhiteClock "0:00:07"]
[BlackClock "0:00:19"]

1. d4 Nf6 2. Nf3 e6 3. g3 d5 4. Bg2 c5 5. O-O Nc6 6. c4 Be7 7. cxd5 Nxd5 8. dxc5 Bxc5 9. a3 O-O 10. Qc2 Qe7 11. Bg5 f6 12. Bd2 Bd7 13. e4 Nb6 14. Nc3 Rac8 15. Qb3 Kh8 16. Rfe1 Nd4 17. Nxd4 Bxd4 18. Rad1 e5 19. Nd5 Qf7 20. Bb4 Rfe8 21. Rd3 Be6 22. Red1 Red8 23. Bc3 Bxc3 24. Rxc3 Rxc3 25. Qxc3 Bxd5 26. exd5 Nc8 27. d6 Nxd6 28. Qc5 Qe7 29. Qxa7 g6 30. h4 Kg7 31. Bf3 h5 32. Kg2 Rd7 33. Qb6 e4 34. Be2 f5 35. b4 Nc8 36. Rxd7 Qxd7 37. Qc5 Nd6 38. Qe5+ Kh7 39. Qd5 Qc7 40. a4 Qc2 41. Qxd6 Qxe2 42. Qe7+ Kh6 43. Qg5+ Kh7 44. Qe7+ Kh6 45. Qg5+ Kh7 46. Qe7+ 1/2-1/2


[Site "https://www.chess.com"]

[Event "Titled Tuesday Blitz November 22 Late 2022"]
[White "Melkumyan, Hrant"]
[Black "Kopylov, Alexander A."]
[WhiteFideId "13302485"]
[BlackFideId "4164857"]
[WhiteElo "2604"]
[BlackElo "2436"]
[Result "1-0"]
[Round "10"]
[TimeControl "180+1"]
[Date "2022.11.22"]
[WhiteClock "0:00:31"]
[BlackClock "0:00:16"]

1. c4 Nf6 2. Nf3 e6 3. Nc3 d5 4. e3 a6 5. b3 c5 6. cxd5 Nxd5 7. Bb2 Nf6 8. Be2 Be7 9. O-O O-O 10. d4 cxd4 11. Nxd4 Nbd7 12. Rc1 Ne5 13. Qc2 b5 14. Rfd1 Qb6 15. Ne4 Bb7 16. Nc5 Rac8 17. b4 Nc4 18. Bxc4 Bxc5 19. bxc5 Rxc5 20. Qb3 Rxc4 21. Rxc4 Bd5 22. Rdc1 Qb8 23. Nc6 Qe8 24. Ne7+ Qxe7 25. Qb4 Qxb4 26. Rxb4 Bxa2 27. Ra1 Bc4 28. Bxf6 gxf6 29. Rxa6 Rd8 30. h3 Rd2 31. Rb1 Kg7 32. Rb6 Kg6 33. Ra1 Rb2 34. Rc1 Ra2 35. Rd1 Rb2 36. Rd4 Ra2 37. Rg4+ Kf5 38. Rf4+ Kg6 39. Rb8 f5 40. Rg8+ Kf6 41. Rh4 Rc2 42. Rxh7 b4 43. Rf8 b3 44. Rhxf7+ Ke5 45. Rb7 b2 46. Rfb8 1-0


[Site "https://www.chess.com"]

[Event "Titled Tuesday Blitz November 22 Late 2022"]
[White "Mgeladze, Tamaz"]
[Black "Mikhalsky, Vladimir"]
[WhiteFideId "13601202"]
[BlackFideId "14144352"]
[WhiteElo "2288"]
[BlackElo "2271"]
[Result "1-0"]
[Round "10"]
[TimeControl "180+1"]
[Date "2022.11.22"]
[WhiteClock "0:01:15"]
[BlackClock "0:00:09"]

1. c4 c5 2. g3 Nf6 3. Bg2 d5 4. cxd5 Nxd5 5. Nf3 Nc6 6. O-O e5 7. Nc3 Nc7 8. Qa4 Bd7 9. Qe4 f5 10. Qb1 e4 11. Ne1 Be7 12. d3 exd3 13. Nxd3 O-O 14. Be3 b6 15. Rd1 Qe8 16. Nf4 Rd8 17. Qc2 Bf6 18. Rd6 Nd4 19. Bxd4 Bxd4 20. e3 Be5 21. Rd2 Bc8 22. Rxd8 Qxd8 23. Qb3+ Kh8 24. Rd1 Qe7 25. Ncd5 Nxd5 26. Nxd5 Qf7 27. Nc3 Be6 28. Bd5 Bxd5 29. Qxd5 Qxd5 30. Rxd5 Bxc3 31. bxc3 h6 32. h4 Rf6 33. Rd7 a6 34. Kg2 b5 35. Kf3 g5 36. h5 Kg8 37. Rc7 c4 38. a4 Rb6 39. a5 Rf6 40. Rb7 Kf8 41. Ra7 Ke8 42. Ke2 Kd8 43. f3 Re6 44. g4 fxg4 45. fxg4 Ke8 46. Kf3 Kf8 47. e4 Rf6+ 48. Ke3 Rd6 49. e5 Rd3+ 50. Ke4 Rxc3 51. Rxa6 Kg7 52. Rg6+ Kh7 53. Rb6 Rb3 54. a6 Ra3 55. Rb7+ Kg8 56. Rxb5 Rxa6 57. Rc5 Ra4 58. Kf5 c3 59. Rxc3 Rf4+ 60. Kg6 Kf8 61. Rg3 Ke7 62. Kxh6 Ke6 63. Kxg5 Re4 64. Rf3 Kxe5 65. Rf5+ Ke6 66. h6 Re1 67. h7 Rh1 68. Kg6 Ke7 69. Rh5 Rg1 70. h8=Q Rxg4+ 71. Rg5 1-0


[Site "https://www.chess.com"]

[Event "Titled Tuesday Blitz November 22 Late 2022"]
[White "Naroditsky, Daniel"]
[Black "Lashkin, Jegor"]
[WhiteFideId "2026961"]
[BlackFideId "13907808"]
[WhiteElo "2628"]
[BlackElo "2368"]
[Result "1-0"]
[Round "10"]
[TimeControl "180+1"]
[Date "2022.11.22"]
[WhiteClock "0:00:03"]
[BlackClock "0:00:04"]

1. e4 c5 2. Nf3 d6 3. Bb5+ Nd7 4. O-O a6 5. Bd3 Ngf6 6. Re1 e6 7. Bf1 b5 8. a4 Bb7 9. axb5 axb5 10. Rxa8 Qxa8 11. Bxb5 Bxe4 12. Ng5 Bc6 13. Bxc6 Qxc6 14. b3 Be7 15. Bb2 O-O 16. Nc3 d5 17. h3 e5 18. d3 h6 19. Nf3 Bd6 20. Ne2 e4 21. dxe4 Nxe4 22. c4 d4 23. Nexd4 cxd4 24. Nxd4 Qb7 25. Nf5 Be5 26. Bxe5 Nxe5 27. Qd4 Nf6 28. Rxe5 Qxb3 29. c5 Qb8 30. Nd6 Qc7 31. Re3 Qc6 32. Rg3 Kh8 33. Nf5 Qd5 34. Qxd5 Nxd5 35. Rd3 Nf4 36. Rf3 Ne6 37. Rc3 Rc8 38. c6 Rc7 39. Rc4 Nd8 40. Nd4 Kg8 41. g4 Kf8 42. Kg2 Ke7 43. Kf3 g6 44. Ke4 Kf6 45. Kd5 Ke7 46. Nb5 Rc8 47. Re4+ Ne6 48. Rc4 Rd8+ 49. Ke4 Rc8 50. Ke5 f6+ 51. Kd5 h5 52. c7 hxg4 53. hxg4 g5 54. Nd6 Rxc7 55. Nf5+ Kd7 56. Rb4 Rc5+ 57. Ke4 Re5+ 58. Kf3 Nc5 59. Rc4 Ne6 60. Kg3 Rc5 61. Ra4 Rc3+ 62. f3 Rc7 63. Ra6 Rc6 64. Ra7+ Rc7 65. Ra8 Rc3 66. Ra6 Nf4 67. Rd6+ Kc7 68. Rxf6 Rc2 69. Ne3 Re2 70. Rxf4 gxf4+ 71. Kxf4 Kd7 72. g5 Ke6 73. Ke4 Re1 74. f4 Rg1 75. f5+ Kf7 76. Kf4 Kg7 77. Ng4 Rf1+ 78. Ke4 Re1+ 79. Kd5 Kf7 80. Ne5+ Kg7 81. f6+ Kg8 82. g6 Ra1 83. Ke6 Ra6+ 84. Kf5 Rb6 85. f7+ Kg7 86. Nd7 Rb5+ 87. Ke6 1-0


[Site "https://www.chess.com"]

[Event "Titled Tuesday Blitz November 22 Late 2022"]
[White "Nasuta, Grzegorz"]
[Black "Martinez Alcantara, Jose Eduardo"]
[WhiteFideId "1141686"]
[BlackFideId "3805662"]
[WhiteElo "2440"]
[BlackElo "2705"]
[Result "0-1"]
[Round "10"]
[TimeControl "180+1"]
[Date "2022.11.22"]
[WhiteClock "0:00:02"]
[BlackClock "0:01:10"]

1. e4 c5 2. Nf3 d6 3. d4 cxd4 4. Nxd4 a6 5. Nc3 e6 6. Be3 b5 7. a4 b4 8. Na2 Nf6 9. Nxb4 Bb7 10. Be2 d5 11. c3 dxe4 12. a5 Qc8 13. O-O Be7 14. Qa4+ Nfd7 15. Rac1 O-O 16. Rfd1 Nc5 17. Qa2 Nbd7 18. Nbc2 Nd3 19. Bxd3 exd3 20. Rxd3 Ne5 21. Rdd1 Ng4 22. h3 Nf6 23. c4 e5 24. Ne2 Ne4 25. b4 Qe6 26. Ne1 Qg6 27. f3 Nd6 28. c5 Nf5 29. Bf2 e4 30. Nf4 Qh6 31. Nd5 Bg5 32. fxe4 Bxc1 33. exf5 Rae8 34. Nf3 Bf4 35. Qc4 Bb8 36. Qd3 Kh8 37. f6 g6 38. Ne7 Qf4 39. Qd4 Bxf3 40. Qxf4 Bxf4 41. gxf3 Rb8 42. Rb1 Bg5 43. Bd4 Rbd8 44. Be5 Be3+ 45. Kg2 Rd2+ 46. Kg3 h5 47. f4 Rfd8 48. Kf3 R8d3 49. Ke4 Bf2 50. Nd5 Rxd5 51. c6 R5d3 52. f5 g5 53. Bf4 Rd4+ 54. Kf3 Rxf4+ 0-1


[Site "https://www.chess.com"]

[Event "Titled Tuesday Blitz November 22 Late 2022"]
[White "Necromon"]
[Black "Rose, Felix"]
[BlackFideId "5105722"]
[WhiteElo "2477"]
[BlackElo "2039"]
[Result "1/2-1/2"]
[Round "10"]
[TimeControl "180+1"]
[Date "2022.11.23"]
[WhiteClock "0:00:12"]
[BlackClock "0:00:12"]

1. Nf3 d5 2. g3 Nf6 3. Bg2 g6 4. O-O Bg7 5. c4 dxc4 6. Qa4+ Nbd7 7. Qxc4 a6 8. d4 b5 9. Qd3 Bb7 10. Nbd2 c5 11. dxc5 Nxc5 12. Qa3 Rc8 13. Nb3 Nxb3 14. Qxb3 O-O 15. Be3 Qd5 16. Qa3 Rfd8 17. Rac1 Rxc1 18. Rxc1 Ng4 19. Qxe7 Nxe3 20. Qxe3 Bxb2 21. Rf1 Qxa2 22. Qb6 Rd7 23. Bh3 f5 24. Bg2 Bg7 25. Ng5 Bxg2 26. Kxg2 Qd5+ 27. Kg1 Qd6 28. Qe3 h6 29. Nf3 Re7 30. Qb3+ Qe6 31. Qa3 Qxe2 32. Re1 Qxe1+ 33. Nxe1 Rxe1+ 34. Kg2 Re6 35. Qb3 Kf7 36. h3 Bd4 37. g4 fxg4 38. hxg4 Ke7 39. f4 Re2+ 40. Kh1 Re1+ 41. Kh2 Re2+ 42. Kh1 Re1+ 43. Kh2 Re2+ 44. Kh1 1/2-1/2


[Site "https://www.chess.com"]

[Event "Titled Tuesday Blitz November 22 Late 2022"]
[White "Oro, Faustino"]
[Black "Aguilar, Juan"]
[WhiteFideId "20000197"]
[BlackFideId "3800091"]
[WhiteElo "2066"]
[BlackElo "2504"]
[Result "0-1"]
[Round "10"]
[TimeControl "180+1"]
[Date "2022.11.23"]
[WhiteClock "0:00:03"]
[BlackClock "0:00:09"]

1. Nf3 g6 2. g3 Bg7 3. Bg2 d5 4. O-O Nf6 5. d4 O-O 6. c4 dxc4 7. Na3 c3 8. bxc3 c5 9. Nc2 Nc6 10. e3 Bf5 11. Nd2 e5 12. e4 Bd7 13. d5 Na5 14. Rb1 b6 15. Ne3 Ne8 16. c4 Nd6 17. Qc2 f5 18. f3 f4 19. Nd1 fxg3 20. hxg3 Qg5 21. g4 Qh4 22. Qd3 Bh6 23. Nf2 Qg3 24. Nh1 Qh4 25. Nf2 Bf4 26. Nh3 h5 27. Nxf4 Rxf4 28. Nb3 Rff8 29. Nxa5 bxa5 30. gxh5 Qxh5 31. Be3 Rac8 32. Qc3 Rf7 33. f4 Rh7 34. Qxe5 Qh2+ 35. Kf2 Rh3 36. Qxd6 Qg3+ 37. Kg1 Qh2+ 38. Kf2 Rg3 39. Rg1 Bh3 40. Ke2 Bxg2 41. Qe6+ Kh7 42. Kd3 Rxe3+ 43. Kxe3 Qg3+ 44. Kd2 Qxf4+ 45. Kc3 Qe3+ 46. Kc2 Bxe4+ 47. Kd1 Qd3+ 48. Ke1 Qxb1+ 49. Kf2 Rf8+ 50. Ke2 Qd3+ 51. Ke1 Qe3+ 52. Kd1 Qxg1+ 53. Kd2 Qd4+ 0-1


[Site "https://www.chess.com"]

[Event "Titled Tuesday Blitz November 22 Late 2022"]
[White "Perez Cruz, Adianet"]
[Black "Vargas, Mauricio"]
[WhiteFideId "3510115"]
[BlackFideId "4404572"]
[WhiteElo "2054"]
[BlackElo "2025"]
[Result "1-0"]
[Round "10"]
[TimeControl "180+1"]
[Date "2022.11.23"]
[WhiteClock "0:01:13"]
[BlackClock "0:00:01"]

1. d4 d5 2. Nf3 c6 3. Bf4 Bg4 4. c3 Nd7 5. Nbd2 e6 6. h3 Bf5 7. e3 f6 8. c4 Ne7 9. Be2 Nc8 10. c5 h6 11. O-O g5 12. Bh2 g4 13. hxg4 Bxg4 14. Qb3 b5 15. cxb6 Ndxb6 16. Rac1 Qd7 17. Bd3 Ne7 18. Qc2 Rg8 19. Kh1 O-O-O 20. Ba6+ Qb7 21. Bxb7+ Kxb7 22. a4 Rc8 23. a5 Nd7 24. Nb3 Bf5 25. a6+ Kxa6 26. Nc5+ Nxc5 27. Qxc5 Kb7 28. Ra1 1-0


[Site "https://www.chess.com"]

[Event "Titled Tuesday Blitz November 22 Late 2022"]
[White "Petrovic, Aleksa"]
[Black "Bogaudinov, Rushan"]
[WhiteFideId "967629"]
[BlackFideId "4129288"]
[WhiteElo "2224"]
[BlackElo "1997"]
[Result "0-1"]
[Round "10"]
[TimeControl "180+1"]
[Date "2022.11.23"]
[WhiteClock "0:00:06"]
[BlackClock "0:00:12"]

1. d4 Nf6 2. c4 e6 3. Nf3 d5 4. Nc3 dxc4 5. e3 a6 6. a4 c5 7. Bxc4 Be7 8. O-O O-O 9. Qe2 Nc6 10. Rd1 Qc7 11. b3 Rd8 12. Bb2 Na5 13. Rac1 cxd4 14. exd4 Qf4 15. Ne5 Bd7 16. Rd3 Nxc4 17. bxc4 Bc6 18. Nxc6 bxc6 19. Rcd1 Rab8 20. Bc1 Qg4 21. f3 Qg6 22. d5 cxd5 23. cxd5 Bc5+ 24. Be3 Bxe3+ 25. Qxe3 Nxd5 26. Nxd5 exd5 27. Rxd5 Rxd5 28. Rxd5 Rb1+ 29. Kf2 h5 30. a5 Rb2+ 31. Rd2 Rb5 32. Qc3 h4 33. Qd4 Qg5 34. Qd8+ Kh7 35. Qxg5 Rxg5 36. Ra2 Rb5 37. g3 hxg3+ 38. hxg3 Kg6 39. f4 Kf5 40. Ra3 Kg4 41. Ke3 Kxg3 42. Ke4+ Kg4 43. Ra1 Kh5 44. Rh1+ Kg6 45. Rg1+ Kf6 46. Ra1 Rb4+ 47. Kf3 Kf5 48. Rc1 Rxf4+ 49. Ke3 Ra4 50. Rc5+ Kg4 51. Rc7 Rf4 52. Rc6 g5 53. Rxa6 f5 54. Ra8 Ra4 55. a6 f4+ 56. Ke2 Kg3 57. a7 f3+ 58. Ke3 Ra3+ 59. Ke4 f2 60. Rf8 Rxa7 61. Ke3 Re7+ 62. Kd2 Kg2 0-1


[Site "https://www.chess.com"]

[Event "Titled Tuesday Blitz November 22 Late 2022"]
[White "Pinheiro, Iung Alicio de O."]
[Black "Baltaci, Ismail Tarik"]
[WhiteFideId "2104350"]
[BlackFideId "6365213"]
[WhiteElo "2283"]
[BlackElo "2352"]
[Result "1-0"]
[Round "10"]
[TimeControl "180+1"]
[Date "2022.11.23"]
[WhiteClock "0:00:52"]
[BlackClock "0:00:23"]

1. e4 c5 2. Nf3 g6 3. h4 h6 4. Bc4 Bg7 5. c3 e6 6. e5 d5 7. Bb5+ Bd7 8. a4 Ne7 9. d4 O-O 10. Bd3 cxd4 11. h5 Nf5 12. g4 Ne7 13. hxg6 Nxg6 14. Bxh6 Bxh6 15. Rxh6 Kg7 16. Qd2 Rh8 17. g5 dxc3 18. Nxc3 Nc6 19. Bxg6 fxg6 20. O-O-O Ne7 21. Rdh1 Qc7 22. Qf4 Nf5 23. Nd4 Raf8 24. Nxf5+ Rxf5 25. Rxh8 Rxf4 26. R1h7# 1-0


[Site "https://www.chess.com"]

[Event "Titled Tuesday Blitz November 22 Late 2022"]
[White "Poliakova, Varvara"]
[Black "Yuan, Qingyu"]
[WhiteFideId "13518313"]
[BlackFideId "8609772"]
[WhiteElo "2099"]
[BlackElo "2359"]
[Result "0-1"]
[Round "10"]
[TimeControl "180+1"]
[Date "2022.11.22"]
[WhiteClock "0:00:16"]
[BlackClock "0:00:07"]

1. e4 e5 2. Nf3 Nc6 3. Bc4 Bc5 4. d3 Nf6 5. c3 O-O 6. Bb3 d5 7. Nbd2 Re8 8. O-O a5 9. a4 Bg4 10. h3 Bh5 11. Re1 Bb6 12. Nf1 Qd7 13. Ng3 Bg6 14. Nh4 Bc5 15. Qf3 dxe4 16. dxe4 Nd8 17. Nhf5 Ne6 18. Be3 Bxe3 19. fxe3 Ng5 20. Qd1 Qxd1 21. Rexd1 Ngxe4 22. Nxe4 Nxe4 23. Nh4 Nc5 24. Bd5 c6 25. Nxg6 hxg6 26. Bf3 Red8 27. b4 Rxd1+ 28. Bxd1 axb4 29. cxb4 Nd3 30. Rb1 e4 31. Bc2 Kf8 32. b5 c5 33. Kf1 Ke7 34. Ke2 c4 35. b6 Kd6 36. Rb5 f6 37. h4 f5 38. h5 Nc5 39. Rb4 Kd5 40. hxg6 Ra5 41. Kf2 Nd3+ 42. Bxd3 exd3 43. Ke1 Kc5 44. Rb2 c3 45. Rf2 Rxa4 46. Rxf5+ Kxb6 47. Rd5 Ra1+ 48. Kf2 d2 49. Ke2 Re1+ 0-1


[Site "https://www.chess.com"]

[Event "Titled Tuesday Blitz November 22 Late 2022"]
[White "Prem, Pranav"]
[Black "Feng, Eric"]
[WhiteFideId "30901057"]
[BlackFideId "30952590"]
[WhiteElo "1970"]
[BlackElo "1785"]
[Result "1/2-1/2"]
[Round "10"]
[TimeControl "180+1"]
[Date "2022.11.23"]
[WhiteClock "0:00:07"]
[BlackClock "0:00:21"]

1. d4 Nf6 2. c4 e6 3. Nf3 d5 4. Nc3 Be7 5. Bg5 h6 6. Bh4 c6 7. e3 Nbd7 8. Qc2 O-O 9. cxd5 cxd5 10. Bd3 b6 11. O-O Bb7 12. Rac1 Rc8 13. Qb1 a6 14. Ne2 b5 15. a3 Nb6 16. Rxc8 Qxc8 17. Rc1 Qd8 18. Qa2 Nfd7 19. Bxe7 Qxe7 20. b3 Rc8 21. Qb2 Nf6 22. Nf4 Ne4 23. Be2 g5 24. Nd3 f6 25. Rxc8+ Bxc8 26. Nfe1 Qc7 27. Nc5 Nxc5 28. dxc5 Nd7 29. b4 Qe5 30. Qd4 Qxd4 31. exd4 Kf7 32. Nd3 e5 33. dxe5 fxe5 34. Bg4 e4 35. Ne5+ Ke7 36. Nc6+ Ke8 37. Na7 Bb7 38. c6 Bxc6 39. Nxc6 Nb6 40. Be2 Kd7 41. Nd4 h5 42. Bxh5 Kd6 43. Kf1 Nc4 44. Nc2 Ke5 45. Ke2 d4 46. Kd1 d3 47. Ne3 Nxa3 48. Bg4 Kd4 49. Bc8 Kc3 50. Bxa6 Kxb4 51. g3 Kc3 52. h4 gxh4 53. gxh4 b4 54. Nd5+ Kb3 55. h5 Ka4 56. h6 b3 57. h7 b2 58. Nc3+ Kb3 59. h8=Q b1=Q+ 60. Nxb1 Nxb1 61. Qd4 Ka3 62. Bxd3 exd3 63. Qxd3+ Ka2 64. Kc1 Na3 65. Qxa3+ Kxa3 66. f4 Kb4 67. f5 Kc5 68. f6 Kd6 69. f7 Ke7 1/2-1/2


[Site "https://www.chess.com"]

[Event "Titled Tuesday Blitz November 22 Late 2022"]
[White "Prydun, Andriy"]
[Black "Stanisz, Patryk"]
[WhiteFideId "14145898"]
[BlackFideId "1123106"]
[WhiteElo "2163"]
[BlackElo "2069"]
[Result "0-1"]
[Round "10"]
[TimeControl "180+1"]
[Date "2022.11.23"]
[WhiteClock "0:00:01"]
[BlackClock "0:00:13"]

1. e4 c5 2. Nf3 Nc6 3. Bb5 g6 4. Bxc6 dxc6 5. h3 Bg7 6. d3 Nf6 7. Nc3 Nd7 8. Be3 e5 9. Qd2 h6 10. O-O Qe7 11. Nh2 Nf8 12. f4 exf4 13. Rxf4 Ne6 14. Rf2 Nd4 15. Raf1 Be6 16. Nf3 O-O-O 17. b3 g5 18. Ne2 Nxf3+ 19. Rxf3 Be5 20. Qa5 b6 21. Qe1 h5 22. h4 gxh4 23. Bf4 f6 24. Qxh4 Bg4 25. Bxe5 Qxe5 26. R3f2 Rdf8 27. Ng3 Rhg8 28. a4 Qd4 29. Kh2 Rg6 30. Rf4 Qe5 31. R1f2 Kb7 32. Kg1 Qd4 33. Kh2 Qa1 34. e5 Qxe5 35. Re4 Qd5 36. Rff4 Qd6 37. Re3 f5 38. Ree4 Rf7 0-1


[Site "https://www.chess.com"]

[Event "Titled Tuesday Blitz November 22 Late 2022"]
[White "Przybylski, Wojciech"]
[Black "Czopor, Maciej"]
[WhiteFideId "1117599"]
[BlackFideId "21805431"]
[WhiteElo "2221"]
[BlackElo "2324"]
[Result "0-1"]
[Round "10"]
[TimeControl "180+1"]
[Date "2022.11.23"]
[WhiteClock "0:00:02"]
[BlackClock "0:00:07"]

1. e4 g6 2. d4 c6 3. Nf3 Bg7 4. a4 d5 5. e5 f6 6. Bf4 Nh6 7. Qd2 Nf7 8. Bd3 O-O 9. h3 fxe5 10. dxe5 e6 11. O-O c5 12. Nc3 Nc6 13. Rfe1 a6 14. Rad1 Rb8 15. Bf1 Bd7 16. h4 c4 17. Nxd5 exd5 18. e6 Bxe6 19. Rxe6 Rc8 20. Qxd5 Qxd5 21. Rxd5 Nb4 22. Rd7 Nxc2 23. Rxb7 Nd8 24. Rxg7+ Kxg7 25. Be5+ Kg8 26. Rxa6 Nf7 27. Bc3 Rfd8 28. h5 gxh5 29. Be2 Rd6 30. Ra7 Re6 31. Bd1 Na1 32. Nd4 Rd6 33. Bxh5 Nh6 34. a5 Nb3 35. Nf3 Nc5 36. Ne5 Ne4 37. Bb4 Re6 38. f4 Nf6 39. Bf3 Nf5 40. a6 Nd4 41. Bb7 Rd8 42. Bc5 Ne2+ 43. Kf2 Nxf4 44. Nf3 Nd3+ 45. Kg3 Nxc5 0-1


[Site "https://www.chess.com"]

[Event "Titled Tuesday Blitz November 22 Late 2022"]
[White "Rasulov, Vugar"]
[Black "Sarana, Alexey"]
[WhiteFideId "13402390"]
[BlackFideId "24133795"]
[WhiteElo "2509"]
[BlackElo "2708"]
[Result "0-1"]
[Round "10"]
[TimeControl "180+1"]
[Date "2022.11.22"]
[WhiteClock "0:00:04"]
[BlackClock "0:00:05"]

1. e4 c5 2. Nf3 d6 3. Bb5+ Bd7 4. Bxd7+ Nxd7 5. O-O e6 6. d4 cxd4 7. Nxd4 Ngf6 8. Re1 Rc8 9. b3 Nc5 10. f3 Be7 11. c4 O-O 12. Nc3 a6 13. Be3 Qa5 14. Qd2 Rfd8 15. Rad1 Bf8 16. Nd5 Qxd2 17. Nxf6+ gxf6 18. Rxd2 Nd7 19. Red1 Ne5 20. a4 h5 21. h3 Kh7 22. Kf2 Be7 23. g4 Rg8 24. a5 Nc6 25. Nxc6 bxc6 26. Bb6 c5 27. Ke3 hxg4 28. hxg4 Kg6 29. Rh2 Rh8 30. Rdd2 Rxh2 31. Rxh2 f5 32. gxf5+ exf5 33. f4 Re8 34. Kf3 Bf8 35. exf5+ Kxf5 36. Rh8 Kf6 37. Rg8 Ke6 38. Rh8 Kf6 39. Rg8 Kf5 40. Bc7 Ke6 41. f5+ Ke7 42. Rh8 Rc8 43. Bb6 Kd7 44. Kg4 Re8 45. Rh7 Ke7 46. Kg5 Rc8 47. Rh8 Re8 48. Rh3 Kd7 49. Kf6 Re5 50. Rh5 Ke8 51. Rh8 Re3 52. Bc7 Rd3 53. Bb8 Rd2 54. Bc7 Rd3 55. Bd8 Re3 56. Bb6 Re2 57. Ba7 Rd2 58. Bb8 Rd3 59. Rg8 Rd2 60. Kg5 Rg2+ 61. Kf6 Rxg8 62. Bc7 Be7# 0-1


[Site "https://www.chess.com"]

[Event "Titled Tuesday Blitz November 22 Late 2022"]
[White "Rios Escobar, Adan"]
[Black "Vlassov, Nikolai"]
[WhiteFideId "3403645"]
[BlackFideId "4103360"]
[WhiteElo "2339"]
[BlackElo "2324"]
[Result "0-1"]
[Round "10"]
[TimeControl "180+1"]
[Date "2022.11.23"]
[WhiteClock "0:00:01"]
[BlackClock "0:00:22"]

1. d4 Nf6 2. g3 h5 3. Nf3 b5 4. a4 b4 5. c4 bxc3 6. Nxc3 Bb7 7. Bg2 e6 8. Bg5 Be7 9. O-O Na6 10. Qb1 Rb8 11. e4 Nb4 12. Re1 a5 13. d5 Ba6 14. Rd1 Ng4 15. Bxe7 Qxe7 16. h3 Nf6 17. dxe6 dxe6 18. e5 Nfd5 19. h4 Qc5 20. Ne4 Qc2 21. Qxc2 Nxc2 22. Rac1 Ncb4 23. Nd4 Nd3 24. Rc6 Rb6 25. Rxb6 Nxb6 26. Rd2 Nxe5 0-1


[Site "https://www.chess.com"]